 Dungeon Crawl Stone Soup version 0.29-a0-878-g7b45a56547 (webtiles) character file.

Game seed: 7791010294010499193

15213 jlumianski the Frost Mage (level 11, -4/69 HPs)
             Began as a Demonspawn Ice Elementalist on July 19, 2022.
             Was a Believer of Hepliaklqana.
             Slain by a seven-headed hydra (8 damage)
             ... on level 11 of the Dungeon.
             The game lasted 01:19:55 (13690 turns).

jlumianski the Frost Mage (DsIE)                   Turns: 13690, Time: 01:19:58

Health: -4/69      AC:  8    Str:  8    XL:     11   Next: 98%
Magic:  22/24      EV: 14    Int: 21    God:    Hepliaklqana [**....]
Gold:   469        SH:  0    Dex: 20    Spells: 7/28 levels left

rFire   . . .      SeeInvis .   j - +9 lajatang (venom)
rCold   + . .      Faith    .   (shield currently unavailable)
rNeg    . . .      Spirit   .   w - +0 steam dragon scales
rPois   .          Reflect  .   (helmet restricted)
rElec   .          Harm     .   L - +0 cloak
rCorr   .          Rampage  .   (no gloves)
Will    .....                   E - +1 pair of boots
Stlth   ++++......              (no amulet)
HPRegen 0.21/turn               C - +6 ring of dexterity
MPRegen 0.19/turn               l - ring of wizardry

@: no status effects
A: reduced essence, horns 2, spiny 1, demonic magic 1, weakness stinger 2, beak,
cold resistance 1, sense surroundings 1
a: Renounce Religion, Recall Ancestor, Ancestor Identity


You were on level 11 of the Dungeon.
You worshipped Hepliaklqana.
Hepliaklqana was pleased with you.
You visited 2 branches of the dungeon, and saw 12 of its levels.

You collected 651 gold pieces.
You spent 182 gold pieces at shops.

Inventory:

Hand Weapons
 g - a +1 vampiric dagger
 j - a +9 lajatang of venom (weapon)
 x - a +1 trident of freezing
 D - a +5 short sword
Missiles
 d - 2 atropa-tipped darts
 h - 2 throwing nets
 k - 4 boomerangs of dispersal
 t - 22 poisoned darts (quivered)
 B - 4 boomerangs
 I - 4 curare-tipped darts
Armour
 w - +0 steam dragon scales (worn)
 A - a +2 leather armour of cold resistance
 E - a +1 pair of boots (worn)
 L - a +0 cloak (worn)
Magical Staves
 a - a staff of cold
Jewellery
 l - a ring of wizardry (right hand)
 y - a ring of protection from cold
 C - a +6 ring of dexterity (left hand)
Wands
 r - a wand of iceblast (5)
 u - a wand of flame (48)
 F - a wand of light (7)
 G - a wand of mindburst (21)
 J - a wand of charming (18)
Scrolls
 c - a scroll of identify
 e - a scroll of fog
 m - a scroll of fear
 o - 3 scrolls of teleportation
 s - a scroll of amnesia
Potions
 b - a potion of magic
 f - 2 potions of brilliance
 i - 2 potions of flight
 n - a potion of ambrosia
 p - 2 potions of attraction
 q - a potion of mutation
 v - 6 potions of curing
 z - a potion of might
 H - a potion of invisibility
 K - a potion of heal wounds


   Skills:
 + Level 4.0 Fighting
 - Level 2.0 Short Blades
 + Level 6.1 Staves
 - Level 0.3 Throwing
 + Level 2.8 Armour
 + Level 3.9 Dodging
 + Level 7.5 Stealth
 + Level 9.0 Spellcasting
 + Level 0.5 Conjurations
 + Level 0.4 Hexes
 + Level 9.1 Ice Magic
 + Level 0.2 Earth Magic
 * Level 4.6 Invocations
 * Level 7.0 Evocations


You had 7 spell levels left.
You knew the following spells:

 Your Spells              Type           Power      Damage    Failure   Level
a - Freeze                Ice            100%       1d11      1%          1
b - Frozen Ramparts       Ice            94%        1d11      1%          3
c - Ozocubu's Armour      Ice            47%        N/A       1%          3
d - Hailstorm             Conj/Ice       29%        3d8       4%          4
e - Stone Arrow           Conj/Erth      20%        3d8       8%          3
f - Passwall              Tmut/Erth      7%         N/A       4%          2
g - Metabolic Englaciati  Hex/Ice        14%        N/A       12%         5

Your spell library contained the following spells:

 Spells                   Type           Power      Damage    Failure   Level
 Apportation              Tloc           18%        N/A       2%          1
 Sandblast                Erth           20%        2d7       2%          1
 Inner Flame              Hex/Fire       10%        N/A       9%          3
 Cause Fear               Hex            5%         N/A       24%         4
 Anguish                  Hex/Necr       5%         N/A       26%         4
 Simulacrum               Ice/Necr       14%        N/A       52%         6
 Alistair's Intoxication  Tmut/Pois      6%         N/A       58%         5
 Enfeeble                 Hex            5%         N/A       100%        7
 Discord                  Hex            5%         N/A       100%        8


Dungeon Overview and Level Annotations

Branches:
Dungeon (11/15)            Temple (1/1) D:7            Lair (0/5) D:8
    Orc (0/2) D:9

Altars:
Ashenzari
Cheibriados
Dithmenos
Fedhas
Gozag
Hepliaklqana
Kikubaaqudgha
Makhleb
Nemelex Xobeh
Okawaru
Qazlal
Ru
Sif Muna
Trog
Uskayaw
Vehumet
Wu Jian
Xom
Yredelemnul
Lugonu

Shops:
D:1 (   D:7 !

Annotations:
D:7 2 transporters


Innate Abilities, Weirdness & Mutations

Your life essence is reduced to manifest your ancestor. (-10% HP)
You have a pair of horns on your head.
You are partially covered in sharp spines.
Spells you cast may paralyse adjacent enemies.
You have a tail ending in a sharp stinger.
You have a beak for a mouth.
Your flesh is cold resistant. (rC+)
You passively map a small area around you.


Message History

The frozen ramparts melt away.
You climb downwards.
The seven-headed hydra bites you. The seven-headed hydra bites you!
The seven-headed hydra misses you.
The seven-headed hydra closely misses you.
The seven-headed hydra misses you. The seven-headed hydra bites you. x2
The yak gores you but does no damage.
The seven-headed hydra is struck by your spines.
The seven-headed hydra bites you! The seven-headed hydra misses you.
The seven-headed hydra bites you!
* * * LOW HITPOINT WARNING * * *
The seven-headed hydra misses you.
The seven-headed hydra bites you but does no damage.
The seven-headed hydra bites you.
* * * LOW HITPOINT WARNING * * *
The seven-headed hydra misses you.
There is a stone staircase leading up, spattered with blood here.
Okay, then.
You feel much better.
The purple ugly thing is struck by your spines.
The purple ugly thing misses you. The yak misses you.
The seven-headed hydra is struck by your spines.
The seven-headed hydra bites you but does no damage.
The seven-headed hydra bites you!
The seven-headed hydra bites you but does no damage.
The seven-headed hydra bites you.
The seven-headed hydra closely misses you.
The seven-headed hydra bites you! The seven-headed hydra misses you.
As you read the scroll of fear, it crumbles to dust.
You assume a fearsome visage.
The seven-headed hydra resists with almost no effort.
The purple ugly thing looks frightened!
The yak looks frightened!
The two-headed ogre looks frightened!
The seven-headed hydra closely misses you.
The seven-headed hydra bites you but does no damage.
The seven-headed hydra bites you.
* * * LOW HITPOINT WARNING * * *
The seven-headed hydra bites you!
* * * LOW HITPOINT WARNING * * *
The seven-headed hydra bites you!
You die...

* #.......#
#.......#
#$......#
#.......#
#..†....#
#....Y..#
#.......#
#..@D...#
#.:.....#
#..u....#
#.......#
#?.O....#
#.......#
#.......#
#.......# *
#.......#######


You could see a seven-headed hydra, a purple ugly thing (fleeing), a two-headed
ogre (fleeing) and a yak (fleeing).

Vanquished Creatures
  Josephine (D:10)
  Harold (D:10)
  A two-headed ogre (D:10)
  3 death yaks (D:7)
  Pikel (D:4)
  A cyclops (D:10)
  Grinder (D:3)
  3 slime creatures
  Sigmund (D:2)
  2 shadows
  4 wraiths
  11 yaks
  2 steam dragons
  A warg (D:9)
  An acid dragon (D:10)
  3 water moccasins
  3 black bears
  4 orc warriors
  3 ice beasts
  3 sky beasts
  2 centaurs
  3 phantoms
  3 lemures (D:4)
  A kobold brigand (D:6)
  2 necrophages (D:5)
  2 bullfrogs (D:7)
  A gnoll sergeant (D:9)
  A scorpion (D:5)
  18 wights
  5 killer bees (D:9)
  4 howler monkeys
  A crimson imp (D:9)
  4 hounds
  2 quasits (D:4)
  3 gnoll boudas
  2 jellies
  6 orc priests
  Terence (D:3)
  Jessica (D:3)
  4 iguanas
  11 orc wizards
  2 hell rats
  12 gnolls
  13 adders
  3 river rats (D:8)
  2 ufetubi (D:4)
  3 worms
  The ghost of flotson the Sneak, a weakling DsDe (D:4)
  4 dart slugs
  37 orcs
  9 endoplasms
  3 giant cockroaches
  8 goblins
  3 hobgoblins
  8 jackals
  6 quokkas
  6 ball pythons
  6 bats
  3 frilled lizards
  13 kobolds
  6 rats
275 creatures vanquished.

Vanquished Creatures (collateral kills)
  A two-headed ogre (D:10)
  Psyche (D:9)
  2 wraiths (D:10)
  2 yaks (D:10)
  2 vampire mosquitoes
  2 orc warriors (D:9)
  A wight (D:10)
  2 gnolls (D:9)
  5 orcs (D:9)
18 creatures vanquished.

Vanquished Creatures (others)
  5 ancestors
5 creatures vanquished.

Grand Total: 298 creatures vanquished

Notes
Turn   | Place    | Note
-------+----------+-------------------------------------------
     0 | D:1      | jlumianski the Demonspawn Ice Elementalist began the quest
                  | for the Orb.
     0 | D:1      | Reached XP level 1. HP: 13/13 MP: 3/3
   341 | D:1      | Gained mutation: Spells you cast may paralyse adjacent
                  | enemies. [demonic ancestry]
   341 | D:1      | Reached XP level 2. HP: 18/19 MP: 3/5
   467 | D:1      | Found Bygh's Weapon Emporium.
   909 | D:1      | Found a faded altar of an unknown god.
  1194 | D:2      | Discovered your monstrous ancestry.
  1194 | D:2      | Gained mutation: You have a pair of small horns on your
                  | head. [demonic ancestry]
  1194 | D:2      | Reached XP level 3. HP: 20/24 MP: 4/6
  1200 | D:2      | Learned a level 3 spell: Frozen Ramparts
  1244 | D:2      | Noticed Sigmund
  1250 | D:2      | Killed Sigmund
  1251 | D:2      | Gained mutation: You have a pair of horns on your head.
                  | [demonic ancestry]
  1251 | D:2      | Reached XP level 4. HP: 31/31 MP: 1/8
  1251 | D:2      | Reached XP level 5. HP: 36/36 MP: 1/9
  2277 | D:3      | Gained mutation: You are partially covered in sharp spines.
                  | [demonic ancestry]
  2277 | D:3      | Reached XP level 6. HP: 42/42 MP: 9/11
  2506 | D:3      | Noticed Jessica
  2521 | D:3      | Killed Jessica
  2522 | D:3      | Reached skill level 5 in Ice Magic
  2741 | D:3      | Noticed Grinder
  2756 | D:3      | Killed Grinder
  2757 | D:3      | Reached skill level 1 in Short Blades
  2970 | D:3      | Noticed Terence
  2976 | D:3      | Killed Terence
  2977 | D:3      | Gained mutation: You have a small tail. [demonic ancestry]
  2977 | D:3      | Reached XP level 7. HP: 39/47 MP: 6/13
  3440 | D:5      | Entered Level 5 of the Dungeon
  3465 | D:4      | Learned a level 3 spell: Ozocubu's Armour
  3797 | D:4      | Found a stormy altar of Qazlal.
  3810 | D:4      | Found a transporter.
  3870 | D:4      | Noticed flotson's ghost (weakling DsDe)
  3884 | D:4      | Noticed Pikel
  3901 | D:4      | Killed Pikel
  3902 | D:4      | Reached skill level 1 in Fighting
  3902 | D:4      | Reached skill level 1 in Armour
  3902 | D:4      | Reached skill level 5 in Spellcasting
  3902 | D:4      | Reached XP level 8. HP: 53/54 MP: 5/15
  3977 | D:4      | Found a transporter.
  4038 | D:4      | Reached skill level 5 in Stealth
  5076 | D:4      | Killed flotson's ghost
  5271 | D:4      | Identified a scroll of acquirement
  5271 | D:4      | Acquired a +6 lajatang of venom
  5532 | D:5      | Reached skill level 1 in Staves
  5885 | D:5      | Gained mutation: You passively map a small area around you.
                  | [potion of mutation]
  5885 | D:5      | Gained mutation: Your flesh is cold resistant. (rC+)
                  | [potion of mutation]
  5885 | D:5      | Gained mutation: You have a beak for a mouth. [potion of
                  | mutation]
  5963 | D:6      | Gained mutation: You have a tail ending in a sharp stinger.
                  | [demonic ancestry]
  5963 | D:6      | Reached XP level 9. HP: 57/59 MP: 14/18
  6003 | D:6      | HP: 2/59 [something (6)]
  6011 | D:6      | Reached skill level 1 in Evocations
  6772 | D:6      | Found a shimmering altar of Xom.
  6773 | D:6      | Found a broken altar of Ashenzari.
  7610 | D:7      | Found a transporter.
  7634 | D:7      | Found a transporter.
  7634 | D:7      | Found a corrupted altar of Lugonu.
  7636 | D:7      | Noticed a green ugly thing
  7785 | D:7      | Found a staircase to the Ecumenical Temple.
  7796 | Temple   | Entered the Ecumenical Temple
  7896 | Temple   | Became a worshipper of Hepliaklqana the Forgotten
  8058 | D:7      | Reached XP level 10. HP: 40/68 MP: 14/20
  8406 | D:7      | Learned a level 4 spell: Hailstorm
  8674 | D:7      | Found Ketoot's Distillery.
  8682 | D:7      | Bought a potion of invisibility for 112 gold pieces
  8682 | D:7      | Bought a potion of heal wounds for 70 gold pieces
  9102 | D:7      | Noticed a green ugly thing
  9160 | D:8      | Noticed a death yak
  9165 | D:8      | Noticed a death yak
  9167 | D:8      | Noticed a death yak
  9179 | D:7      | Killed a death yak
  9421 | D:7      | Killed a death yak
  9778 | D:7      | Killed a death yak
  9779 | D:7      | Reached skill level 5 in Evocations
 10224 | D:8      | Found a staircase to the Lair.
 10265 | D:8      | Acquired a staff of cold
 10499 | D:8      | Reached * piety under Hepliaklqana
 10501 | D:8      | Found a transporter.
 10627 | D:7      | Reached skill level 5 in Staves
 10985 | D:8      | Reached XP level 11. HP: 68/68 MP: 19/23
 11010 | D:8      | Found a transporter.
 11110 | D:9      | Found a burning altar of Makhleb.
 11111 | D:9      | Found a radiant altar of Vehumet.
 11187 | D:9      | Reached skill level 1 in Invocations
 11564 | D:10     | Entered Level 10 of the Dungeon
 11799 | D:10     | Noticed Harold
 11820 | D:11     | Noticed a seven-headed hydra
 11820 | D:11     | Noticed a purple ugly thing
 11837 | D:10     | Killed Harold
 12001 | D:10     | Learned a level 3 spell: Stone Arrow
 12152 | D:10     | Noticed a two-headed ogre
 12161 | D:10     | Killed a two-headed ogre
 12189 | D:10     | Reached ** piety under Hepliaklqana
 12203 | D:10     | Learned a level 2 spell: Passwall
 12209 | D:10     | Learned a level 5 spell: Metabolic Englaciation
 12457 | D:9      | Remembered your ancestor Nenetl as a battlemage
 12762 | D:9      | Found a staircase to the Orcish Mines.
 12997 | D:9      | Noticed Psyche
 13002 | D:9      | Killed Psyche
 13425 | D:10     | Noticed Josephine
 13431 | D:10     | Killed Josephine
 13500 | D:10     | Noticed a two-headed ogre
 13515 | D:10     | Killed a two-headed ogre
 13684 | D:11     | Noticed a two-headed ogre
 13690 | D:11     | Slain by a seven-headed hydra

Illustrated notes

Levels and vault maps discovered:
D:1:      matt_arrival_diagonals, layout_basic,
          shapermc_ecumenical_altar_hornbeckon, serial_shops,
          nicolae_lakefront_shop
D:2:      layout_rooms, uniq_sigmund
D:3:      minmay_inner_zag, layout_basic, uniq_terence, uniq_grinder,
          uniq_jessica
D:4:      minmay_door_path, layout_layer_cave, nicolae_qazlal_scattered_showers,
          gammafunk_ghost_stat_death, patterned_corridor, uniq_pikel
D:5:      layout_rooms
D:6:      layout_cave_pools, mainiacjoe_overflow_divided_tiny, abandoned_shop
D:7:      gammafunk_corrupted_shrine, layout_gridville,
          minmay_temple_entry_glassed_door, serial_shops, shop_statue
D:8:      layout_rooms, dpeg_lair_monsters, nicolae_diode_stairs
D:9:      layout_long_grid, grunt_temple_overflow_lords_of_destruction,
          david_orc_1_choice, uniq_psyche
D:10:     layout_loops_ring, uniq_harold, uniq_josephine
D:11:     layout_cross, serial_shops, kennysheep_mini
Temple:   minmay_temple_bridge_d

Skill      XL: |  1  2  3  4  5  6  7  8  9 10 11 |
---------------+----------------------------------+-----
Ice Magic      | 4 5 6 7 8 9 |  9.1
Dodging        | 2 3 |  3.9
Stealth        | 3 4 5 6 7 |  7.5
Spellcasting   | 3 4 5 6 7 8 9 |  9.0
Short Blades   | 1 2 |  2.0
Fighting       | 1 2 3 4 |  4.0
Armour         | 1 2 |  2.8
Staves         | 1 3 5 6 |  6.1
Evocations     | 3 5 7 |  7.0
Invocations    | 4 |  4.6
Throwing       | |  0.3
Conjurations   | |  0.5
Hexes          | |  0.4
Earth Magic    | |  0.2

Action                   |  1- 3 |  4- 6 |  7- 9 | 10-12 || total
-------------------------+-------+-------+-------+-------++-------
Melee: Dagger            |    27 |    41 |    30 |       ||    98
       Headbutt          |     1 |     5 |     8 |    35 ||    49
       Tailslap          |       |       |    12 |    21 ||    33
       Lajatang          |       |       |    63 |   132 ||   195
       Short sword       |       |       |     4 |       ||     4
       Peck              |       |       |    17 |    34 ||    51
Throw: Dart              |       |       |     2 |     6 ||     8
 Cast: Freeze            |    28 |    20 |    20 |    10 ||    78
       Frozen Ramparts   |     1 |    11 |    46 |    50 ||   108
       Ozocubu's Armour  |       |       |    12 |    23 ||    35
       Hailstorm         |       |       |       |     6 ||     6
       Stone Arrow       |       |       |       |     3 ||     3
       Metabolic Englaci |       |       |       |     3 ||     3
Invok: Ancestor Life: Ba |       |       |       |     1 ||     1
Evoke: Wand              |       |       |       |     1 ||     1
  Use: Scroll            |       |       |    15 |     4 ||    19
       Potion            |       |       |     6 |     1 ||     7
 Stab: Paralysed         |     9 |     8 |    20 |    28 ||    65
       Sleeping          |     2 |     5 |     6 |     3 ||    16
Armor: Robe              |     5 |     5 |       |       ||    10
       Leather armour    |       |     3 |    42 |     3 ||    48
       Steam dragon scal |       |       |       |    38 ||    38
Dodge: Dodged            |    24 |    26 |    92 |   105 ||   247

Table legend: (Time is in decaauts)
 A = Elapsed time spent in this place.
 B = Non-inter-level travel time spent in this place.
 C = Inter-level travel time spent in this place.
 D = Time resting spent in this place.
 E = Time spent auto-exploring this place.
 F = Levels seen in this place.
 G = Mean time per level.
                   A        B        C        D        E       F      G
               +--------+--------+--------+--------+--------+-----+--------+
         Total |  13774 |  13251 |    523 |   1392 |   7603 |  12 | 1147.8 |
       Dungeon |  13598 |  13075 |    523 |   1392 |   7541 |  11 | 1236.2 |
        Temple |    175 |    175 |      0 |      0 |     62 |   1 |  175.0 |
               +--------+--------+--------+--------+--------+-----+--------+

Top non-repeatable levels by time:
     D:7: 2672 daAuts
     D:4: 2182 daAuts
     D:9: 1517 daAuts
     D:3: 1231 daAuts
     D:1: 1182 daAuts
    D:10: 1075 daAuts
     D:6: 1062 daAuts
     D:8: 976 daAuts
     D:2: 874 daAuts
     D:5: 812 daAuts
  Temple: 175 daAuts
    D:11: 11 daAuts
